 Seeded DCSS version 0.30-a0-937-ga0a21ad780 (webtiles) character file.

Game seed: 3425090202442293766 (custom seed)

58 rubashov the Magician (level 4, 32/32 HPs)
             Began as a Djinni Fire Elementalist on Mar 21, 2023.
             Quit the game on level 2 of the Dungeon on Mar 24, 2023.
             The game lasted 00:03:57 (862 turns).

rubashov the Magician (Djinni Fire Elementalist)     Turns: 862, Time: 00:03:57

Health: 32/32      AC:  5    Str:  7    XL:     4   Next: 21%
Gold:   82         EV: 12    Int: 21    God:
                   SH:  0    Dex: 13

rFire   + + .      SeeInvis +    d - +0 short sword
rCold   x . .      Faith    .    (no shield)
rNeg    . . .      Spirit   .    a - +0 robe
rPois   ∞          Reflect  .    (no helmet)
rElec   .          Rampage  .    (no cloak)
rCorr   +                        b - +2 pair of gloves {Stlth+}
Will    .....                    (boots unavailable)
Stlth   +++                      m - amulet of Mooptea {Regen+ rCorr Int+2}
HPRegen 1.05/turn                c - ring of see invisible
MPRegen 0.00/turn                (no ring)

@: flying
A: sickness immunity, fire resistance 2, cold vulnerability 1, float, innate
caster, HP casting, extra vitality 1
a: no special abilities


You were on level 2 of the Dungeon.
You visited 1 branch of the dungeon, and saw 2 of its levels.

You collected 82 gold pieces.

Inventory:

Hand Weapons
 d - a +0 short sword (weapon)
Missiles
 e - 11 stones
 h - 3 poisoned darts
 n - a throwing net
Armour
 a - a +0 robe (worn)
 b - a +2 pair of gloves of stealth (worn)
Jewellery
 c - a ring of see invisible (left hand)
 m - the amulet of Mooptea (around neck) {Regen+ rCorr Int+2}
   (You acquired it on level 2 of the Dungeon)

   [amulet of regeneration]

   Int:       It affects your intelligence (+2).
   Regen:     It increases your rate of health regeneration.
   rCorr:     It protects you from acid and corrosion.
Scrolls
 f - 2 scrolls of noise {unknown}
 g - a scroll of blinking {unknown}
 i - 3 scrolls of identify {unknown}
 j - a scroll of enchant armour {unknown}
Potions
 k - a potion of degeneration {unknown}
 l - a potion of resistance {unknown}


   Skills:
 * Level 1.0 Fighting
 - Level 2.1 Dodging
 - Level 1.5 Stealth
 * Level 3.6 Spellcasting


You knew the following spells:

 Your Spells              Type           Power      Damage    Failure   Level
a - Foxfire               Conj/Fire      72%        2x1d7     2%          1
b - Scorch                Fire           36%        2d7       4%          2
c - Kindle Blastsparks    Fire/Tloc/Air  36%        2d13      9%          3
d - Inner Flame           Hex/Fire       18%        N/A       9%          3
e - Flame Wave            Conj/Fire      18%        2d7       28%         4
f - Kiss of Death         Conj/Necr      72%        2d10      2%          1
Your spell library was empty.

Dungeon Overview and Level Annotations

Branches:
Dungeon (2/15)

Altars:

Shops:
D:2 (


Innate Abilities, Weirdness & Mutations

You are immune to sickness and miasma.
You are immune to poison.
Your flesh is very heat resistant. (rF++)
You are vulnerable to cold. (rC-)
You float through the air rather than walking.
You learn spells naturally, not from books.
Your magical power is your life essence.
You have superior vitality. (+4 MHP)


Message History

Flames lash the adder.
The adder is burned terribly!
You kill the adder!
You have reached level 4!
You feel clever.
A worm comes into view.
Casting: Scorch (safe; 4% risk of failure)
Confirm with . or Enter, or press ? or * to list all spells.
Flames lash the worm.
The worm is heavily wounded.
The worm's fire resistance burns away.
Casting: Scorch (safe; 4% risk of failure)
Confirm with . or Enter, or press ? or * to list all spells.
Flames lash the worm.
The worm is burned terribly!
You kill the worm!
Casting: Scorch (safe; 4% risk of failure)
Confirm with . or Enter, or press ? or * to list all spells.
You can't see any susceptible monsters within range! (Use Z to cast anyway.)
You see here a +0 dagger.
A ball python comes into view.
There is an entrance to Nareh's Weapon Boutique here.
A ball python is nearby!
The ball python hisses angrily.
A rat comes into view.
The ball python closely misses you. The ball python grabs you.
The ball python constricts you.
Casting: Scorch (safe; 4% risk of failure)
Confirm with . or Enter, or press ? or * to list all spells.
Flames lash the ball python.
You kill the ball python!
Casting: Scorch (safe; 4% risk of failure)
Confirm with . or Enter, or press ? or * to list all spells.
Flames lash the rat.
You kill the rat!
Your Fighting skill increases to level 1!
There is an entrance to Nareh's Weapon Boutique here.
Save game and exit?
Welcome back, rubashov the Djinni Fire Elementalist.
Game seed: 3425090202442293766 (custom seed) Press ? for a list of commands and other information.
Are you sure you want to abandon this character and quit the game? (Confirm with "yes".)

.# .# ##.####.#.# .#
........#.##### .# #
........#.#... ##.#
........#.#.##### ...##
......##...##... .....
.....#.....#.# #####
#.........# #.†).@...##.#
##+..........#
######..#.†...#...#
#.......##...##...#
######................†..
...........................
(..........................
...........#+#########.....
...........# #####


There were no monsters in sight!

Vanquished Creatures
  2 adders (D:2)
  A worm (D:2)
  2 dart slugs
  An orc (D:2)
  6 ball pythons
  5 bats
  3 endoplasms
  A giant cockroach (D:1)
  2 hobgoblins (D:1)
  A kobold (D:1)
  3 frilled lizards (D:1)
  8 rats
35 creatures vanquished.

Vanquished Creatures (others)
  19 foxfires (D:1)
19 creatures vanquished.

Grand Total: 54 creatures vanquished

Notes
Turn   | Place    | Note
-------+----------+-------------------------------------------
     0 | D:1      | rubashov the Djinni Fire Elementalist began the quest for
                  | the Orb.
     0 | D:1      | rubashov set off with the following spells memorised:
                  | Foxfire, Scorch, Kindle Blastsparks, Inner Flame, Flame
                  | Wave.
     0 | D:1      | Reached XP level 1. HP: 15/15 MP: 0/0
   128 | D:1      | Reached XP level 2. HP: 19/21 MP: 0/0
   230 | D:1      | Reached skill level 3 in Spellcasting
   377 | D:1      | Reached XP level 3. HP: 24/26 MP: 0/0
   377 | D:1      | Learned a level 1 spell: Kiss of Death
   603 | D:1      | Found a faded altar of an unknown god.
   700 | D:2      | Identified 2 scrolls of acquirement
   700 | D:2      | Acquired the amulet of Mooptea {Regen+ rCorr Int+2}
   707 | D:2      | Acquired a +2 pair of gloves of stealth
   834 | D:2      | Found Nareh's Weapon Boutique.
   842 | D:2      | Reached XP level 4. HP: 28/31 MP: 0/0
   857 | D:2      | Reached skill level 1 in Fighting
   862 | D:2      | Upgraded the game from 0.30-a0-920-g7493c07aab to
                  | 0.30-a0-937-ga0a21ad780
   862 | D:2      | Quit the game

Illustrated notes

Levels and vault maps discovered:
D:1:      minmay_arrival_loop, layout_basic, ebering_ecumenical_altar_webs,
          moated_statue, minmay_tetromino_s2
D:2:      minmay_angry_zag, layout_basic, serial_shops,
          nicolae_shop_behind_doors, nicolae_shop_bloodbath_and_beyond,
          minmay_cut_off

Skill      XL: |  1  2  3  4 |
---------------+-------------+-----
Spellcasting   | 3 |  3.6
Fighting       | 1 |  1.0
Dodging        | |  2.1
Stealth        | |  1.5

Action                     |  1- 3 |  4- 6 || total
---------------------------+-------+-------++-------
   Cast: Foxfire           |    11 |       ||    11
         Scorch            |    30 |     4 ||    34
    Use: Scroll            |     2 |       ||     2
 Armour: Robe              |     3 |       ||     3
  Dodge: Dodged            |    14 |     1 ||    15

Table legend: (Time is in decaauts)
 A = Elapsed time spent in this place.
 B = Non-inter-level travel time spent in this place.
 C = Inter-level travel time spent in this place.
 D = Time resting spent in this place.
 E = Time spent auto-exploring this place.
 F = Levels seen in this place.
 G = Mean time per level.
                   A        B        C        D        E       F      G
               +--------+--------+--------+--------+--------+-----+--------+
         Total |    860 |    847 |     13 |     33 |    643 |   2 |  430.0 |
       Dungeon |    860 |    847 |     13 |     33 |    643 |   2 |  430.0 |
               +--------+--------+--------+--------+--------+-----+--------+

Top non-repeatable levels by time:
     D:1: 698 daAuts
     D:2: 162 daAuts
